 Seeded DCSS version 0.28.0-45-g0d030f2227 (webtiles) character file.

Game seed: 17428681369516740799 (custom seed)

99 NinjaNoafa the Chiller (level 4, -4/33 HPs)
             Began as a Draconian Ice Elementalist on Apr 18, 2022.
             Was a Follower of Vehumet.
             Slain by Grinder (6 damage)
             ... on level 3 of the Dungeon.
             The game lasted 00:05:09 (2423 turns).

NinjaNoafa the Chiller (Draconian Ice Elementalist) Turns: 2423, Time: 00:05:09

Health: -4/33      AC:  7    Str: 10    XL:     4   Next: 45%
Magic:  1/7        EV: 12    Int: 18    God:    Vehumet [*.....]
Gold:   84         SH:  0    Dex: 11    Spells: 7/8 levels left

rFire   . . .      SeeInvis .   k - +1 dagger (venom)
rCold   + + .      Faith    .   (no shield)
rNeg    . . .      Spirit   .   (armour unavailable)
rPois   +          Reflect  .   (helmet restricted)
rElec   +          Harm     .   (no cloak)
rCorr   +          Rampage  .   d - +0 pair of gloves
Will    .....                   b - +0 pair of boots
Stlth   ++........              (no amulet)
HPRegen 0.11/turn               a - +4 ring of slaying
MPRegen 0.10/turn               g - ring of ice

@: brilliant, resistant
A: AC +5, unfitting armour, cold-blooded
a: Renounce Religion


You were on level 3 of the Dungeon.
You worshipped Vehumet.
Vehumet was aware of your devotion.
You visited 1 branch of the dungeon, and saw 3 of its levels.

You collected 84 gold pieces.

Inventory:

Hand Weapons
 c - a +0 dagger
 k - a +1 dagger of venom (weapon)
Missiles
 m - 19 stones
Armour
 b - a +0 pair of boots (worn)
 d - a +0 pair of gloves (worn)
Jewellery
 a - a +4 ring of slaying (left hand)
 g - a ring of ice (right hand)
Wands
 n - a wand of iceblast (8)
Scrolls
 e - 2 scrolls of teleportation
 j - a scroll of amnesia
 l - a scroll of magic mapping
Potions
 f - a potion of brilliance


   Skills:
 + Level 2.4 Dodging
 - Level 2.0 Stealth
 + Level 2.5 Spellcasting
 + Level 1.5 Conjurations
 + Level 0.4 Fire Magic
 + Level 4.4 Ice Magic
 + Level 1.3 Air Magic


You had 7 spell levels left.
You knew the following spells:

 Your Spells              Type           Power      Damage    Failure   Level
a - Freeze                Ice            100%       1d11      2%          1

Your spell library contained the following spells:

 Spells                   Type           Power      Damage    Failure   Level
 Foxfire                  Conj/Fire      32%        2x1d5     12%         1
 Frozen Ramparts          Ice            82%        1d10      9%          3
 Ozocubu's Armour         Ice            41%        N/A       9%          3
 Shock                    Conj/Air       44%        1d5       10%         1
 Swiftness                Air            10%        N/A       28%         3
 Hailstorm                Conj/Ice       29%        3d8       45%         4
 Airstrike                Air            5%         N/A       67%         4


Dungeon Overview and Level Annotations

Branches:
Dungeon (3/15)

Altars:
Vehumet

Annotations:
D:3 Grinder


Innate Abilities, Weirdness & Mutations

Your plain brown scales are hard. (AC +5)
You cannot fit into any form of body armour.
You are cold-blooded and may be slowed by cold attacks.


Message History

Grinder closely misses you.
You hit Grinder.
Grinder looks as sick as possible!
Your punch misses Grinder.
Grinder is moderately wounded.
Grinder barely misses you.
You barely miss Grinder.
Grinder is moderately wounded.
Grinder hits you.
Casting: Freeze (safe; 2% risk of failure)
Confirm with . or Enter, or press ? or * to list all spells.
Aiming: Freeze (safe; 2% risk of failure)
Press: ? - help, Shift-Dir - straight line, f/p - Grinder
Aim: Grinder (heavily wounded, extremely poisoned)
You feel a strong surge of power!
You freeze Grinder.
Grinder resists.
Grinder is heavily wounded.
Grinder hits you!
Casting: Freeze (safe; 2% risk of failure)
Confirm with . or Enter, or press ? or * to list all spells.
Aiming: Freeze (safe; 2% risk of failure)
Press: ? - help, Shift-Dir - straight line, f/p - Grinder
Aim: Grinder (heavily wounded, extremely poisoned)
You feel a strong surge of power!
You freeze Grinder but do no damage.
Grinder completely resists.
Grinder blinks!
You closely miss the hobgoblin.
Your tail-slap misses the hobgoblin.
The hobgoblin closely misses you.
You hit the hobgoblin but do no damage.
The hobgoblin is poisoned.
The hobgoblin hits you but does no damage.
You hit the hobgoblin.
You kill the hobgoblin!
Vehumet accepts your kill.
Grinder blinks!
Grinder gestures at you.
You barely resist. Grinder hits you.
* * * LOW HITPOINT WARNING * * *
You closely miss Grinder.
Grinder is almost dead.
Grinder hits you.
* * * LOW HITPOINT WARNING * * *
You writhe in agony.
You die...

*#.....,.# *,,,..,*#.#
### #.....,.#
*****#.##.# # #.....#.##
#....## #........##
###...## ***,*#†#..#
#.#..### *,*#.##.##
#....).# *,*#..#..##
#####... *,*#......##
#.#. *,*#...@5..#####
#.## *,*#...........##
#.## *,*#.........#..##
#.## *,*#.....#...##..##
#.##
*,*#.....###.###..###...
*,*#.........####....##.
*,*####>..##....>###....
*,* ##..##..##........
*,* *...##......###...


You could see Grinder (very poisoned).

Vanquished Creatures
  Ijyb (D:3)
  A gnoll (D:1)
  An adder (D:2)
  A dart slug (D:1)
  An orc (D:3)
  2 bats
  3 endoplasms
  6 giant cockroaches
  3 goblins
  9 hobgoblins
  2 jackals (D:2)
  6 kobolds
  3 ball pythons
  A frilled lizard (D:2)
  8 rats
48 creatures vanquished.

Vanquished Creatures (others)
  A demonic plant (D:1)
  2 withered plants (D:1)
3 creatures vanquished.

Grand Total: 51 creatures vanquished

Notes
Turn   | Place    | Note
-------+----------+-------------------------------------------
     0 | D:1      | NinjaNoafa the Draconian Ice Elementalist began the quest
                  | for the Orb.
     0 | D:1      | Reached XP level 1. HP: 14/14 MP: 3/3
   358 | D:1      | Found a faded altar of an unknown god.
   385 | D:1      | Reached XP level 2. HP: 20/20 MP: 5/5
  1071 | D:1      | Reached XP level 3. HP: 26/26 MP: 4/6
  1143 | D:2      | Found a radiant altar of Vehumet.
  1268 | D:2      | Became a worshipper of Vehumet
  1474 | D:2      | Reached skill level 1 in Conjurations
  1552 | D:2      | Reached skill level 1 in Air Magic
  2101 | D:3      | Reached * piety under Vehumet
  2101 | D:3      | Offered knowledge of Foxfire by Vehumet.
  2112 | D:3      | Reached XP level 4. HP: 33/33 MP: 2/7
  2280 | D:3      | Noticed Ijyb
  2286 | D:3      | Killed Ijyb
  2373 | D:3      | Noticed Grinder
  2386 | D:3      | Paralysed by Grinder for 3 turns
  2393 | D:3      | Paralysed by Grinder for 7 turns
  2423 | D:3      | Slain by Grinder

Illustrated notes

Levels and vault maps discovered:
D:1:      dpeg_arrival_radiant, layout_basic, shapermc_ecumenical_altar_gd,
          minmay_misc_feat_rugged, minmay_misc_feat_doors
D:2:      layout_basic, basic_altar
D:3:      layout_rooms, uniq_grinder, uniq_ijyb

Skill      XL: |  1  2  3 |
---------------+----------+-----
Stealth        | 2 |  2.0
Dodging        | 2 |  2.4
Conjurations   | 1 |  1.5
Air Magic      | 1 |  1.3
Spellcasting   | |  2.5
Fire Magic     | |  0.4
Ice Magic      | |  4.4

Action                   |  1- 3 |  4- 6 || total
-------------------------+-------+-------++-------
Melee: Dagger            |    23 |     9 ||    32
       Tailslap          |     3 |     1 ||     4
       Punch             |     1 |       ||     1
 Cast: Freeze            |    50 |    19 ||    69
  Use: Potion            |       |     4 ||     4
       Scroll            |       |     3 ||     3
 Stab: Sleeping          |     2 |       ||     2
Armor: Skin              |    18 |    13 ||    31
Dodge: Dodged            |    29 |    10 ||    39
